cohdb
Replays
Latest Replays
All Replays
Popular Replays
Top Player Replays
Match Explorer
How It Works
Community
CoH3 Stats
Reddit
Sign in to upload your games and track your stats! →
Sign in with Steam
Match 44339855
Unlisted
Match 44339855
Overview
Messages
Build Orders
End
Royal Engineer Section
Construct Section Command Post
Selects Heavy Armor Battlegroup
Infantry Section
Dingo Light Scout Car
Vickers Machine Gun Team
Infantry Section
Construct Platoon Command Post
Selects Engineer Detachments
Royal Engineer Section
Humber Armored Car
Infantry Section
Selects Light Vehicle Withdraw and Refit
Selects UNKNOWN (202330)
Humber Armored Car
Grenade Package
Infantry Section
Selects Forward Repair Assembly
Selects UNKNOWN (2162094)
Selects Designate Targets
Vickers Machine Gun Team
Team Weapon Training
6-pounder Anti-tank Gun Team
Construct Company Command Post
Crusader II Medium Tank
robwarrior
Zimripple
0
0
Comments
sign in to comment!
No comments posted yet!